 Dungeon Crawl Stone Soup version 0.25-a0-578-gc91f01c39c (webtiles) character file.

Game seed: 2830363371144359304, levelgen mode: deterministic

42298 Eurus the Thaumaturge (level 13, -1/98 HPs)
             Began as a Mummy Conjurer on Mar 4, 2020.
             Was an Elder of Ashenzari.
             Shot with an arrow by a centaur warrior (4 damage)
             ... on level 12 of the Dungeon.
             The game lasted 01:12:49 (30885 turns).

Eurus the Thaumaturge (Mummy Conjurer)             Turns: 30885, Time: 01:12:50

Health: -1/98      AC: 13    Str: 12    XL:     13   Next: 84%
Magic:  30/30      EV: 14    Int: 23    God:    Ashenzari [****..]
Gold:   2117       SH:  0    Dex: 13    Spells: 22/39 levels left

rFire    x . .     SeeInvis +   x - +7 pair of quick blades "Gyre" and "Gimble" {protect}
rCold    + . .     Gourm    .   (shield currently unavailable)
rNeg     + + +     Faith    .   H - +0 steam dragon scales
rPois    ∞         Spirit   .   r - +0 helmet
rElec    .         Reflect  .   j - +2 cloak (curse)
rCorr    .         Harm     .   d - +0 pair of gloves
MR       ++...     Clarity  +   o - +0 pair of boots
Stlth    ++........             (no amulet)
HPRegen  0.26/turn              i - ring of protection from magic (curse)
MPRegen  0.22/turn              y - +5 ring of intelligence

@: about to teleport, studying Crossbows
A: no food or potions, fire vulnerability, cold resistance 1, negative energy
resistance 3, torment resistance, unbreathing, in touch with death 1
a: Curse Item, Scrying, Renounce Religion


You were on level 12 of the Dungeon.
You worshipped Ashenzari.
Ashenzari was greatly pleased with you.
You were not hungry.

You visited 4 branches of the dungeon, and saw 20 of its levels.
You visited 1 bazaar.

You collected 2249 gold pieces.
You spent 132 gold pieces at shops.

Inventory:

Hand Weapons
 c - a +2 dagger of venom
 n - a cursed +5 mace
 s - a +3 flail
 x - the +7 pair of quick blades "Gyre" and "Gimble" (weapon) {protect}
   (You found it on level 8 of the Dungeon)

   It grants its wielder temporary protection when it strikes (+7 to AC).
Armour
 a - a +1 robe of fire resistance
 d - a +0 pair of gloves (worn)
 j - a cursed +2 cloak (worn)
 o - a +0 pair of boots (worn)
 r - a +0 helmet (worn)
 H - +0 steam dragon scales (worn)
Magical Staves
 h - an uncursed staff of air
Jewellery
 i - a cursed ring of protection from magic (left hand)
 t - an uncursed ring of flight
 y - a +5 ring of intelligence (right hand)
 C - an uncursed ring of magical power
 J - a +2 ring of strength
Wands
 b - a wand of flame (28)
 k - a wand of scattershot (5)
 l - a wand of enslavement (12)
 m - a wand of iceblast (8)
 A - a wand of random effects (32)
 B - a wand of digging (11)
 D - a wand of disintegration (20)
 G - a wand of polymorph (10)
 I - a wand of paralysis (11)
Scrolls
 e - 3 scrolls of fear
 f - 8 scrolls of identify
 g - 6 scrolls of teleportation
 p - a scroll of fog
 q - 9 scrolls of remove curse
 u - 3 scrolls of enchant weapon
 v - 2 scrolls of magic mapping
 z - 7 scrolls of amnesia
 E - 2 scrolls of blinking
 F - 5 scrolls of enchant armour
Books
 w - a manual of Crossbows


   Skills:
 + Level 8.2 Fighting
   Level 0.0 Polearms
 - Level 5.5 Armour
 - Level 5.0 Dodging
 - Level 1.5 Stealth
 + Level 13.9 Spellcasting
 * Level 11.8 Conjurations
 - Level 5.0 Translocations
 - Level 8.0 Air Magic


You had 22 spell levels left.
You knew the following spells:

 Your Spells              Type           Power        Failure   Level  Hunger
a - Magic Dart            Conj           ####         1%          1    N/A
b - Searing Ray           Conj           ######       1%          2    N/A
c - Iskenderun's Mystic   Conj/Tloc      ######..     1%          4    N/A
d - Mephitic Cloud        Conj/Pois/Air  #####...     1%          3    N/A
e - Lightning Bolt        Conj/Air       ######....   1%          5    N/A
f - Poisonous Vapours     Pois/Air       ####..       1%          2    N/A

Your spell library contained the following spells:

 Spells                   Type           Power        Failure   Level  Hunger
 Apportation              Tloc           #####.       1%          1    N/A
 Dazzling Flash           Conj/Hex       #####.       1%          3    N/A
 Static Discharge         Conj/Air       ######..     1%          3    N/A
 Animate Skeleton         Necr           N/A          3%          1    N/A
 Corona                   Hex            ###....      3%          1    N/A
 Freeze                   Ice            ###.         3%          1    N/A
 Sting                    Tmut/Pois      ###.         3%          1    N/A
 Summon Small Mammal      Summ           ###.         3%          1    N/A
 Fulminant Prism          Conj/Hex       #####.....   3%          4    N/A
 Hailstorm                Conj/Ice       #####...     3%          4    N/A
 Call Imp                 Summ           ###.....     6%          2    N/A
 Ensorcelled Hibernation  Hex/Ice        ###...       6%          2    N/A
 Summon Lightning Spire   Summ/Air       ####....     7%          4    N/A
 Conjure Ball Lightning   Conj/Air       ######....   10%         6    N/A
 Call Canine Familiar     Summ           ###.....     12%         3    N/A
 Confusing Touch          Hex            ###.....     12%         3    N/A
 Frozen Ramparts          Ice            ###...       12%         3    N/A
 Ignite Poison            Fire/Tmut/Pois ###.....     12%         3    N/A
 Ozocubu's Armour         Chrm/Ice       ###.....     12%         3    N/A
 Summon Guardian Golem    Hex/Summ       ###.....     12%         3    N/A
 Tukima's Dance           Hex            ###.....     12%         3    N/A
 Silence                  Hex/Air        ####......   21%         5    N/A
 Olgreb's Toxic Radiance  Pois           ###.....     36%         4    N/A
 Summon Ice Beast         Ice/Summ       ###.....     36%         4    N/A
 Deflect Missiles         Chrm/Air       ####......   73%         6    N/A
 Ignition                 Fire           ###.......   100%        8    N/A
 Shatter                  Erth           ###.......   100%        9    N/A
 Tornado                  Air            ######....   100%        9    N/A

Dungeon Overview and Level Annotations

Branches:
Dungeon (12/15)            Temple (1/1) D:7            Lair (6/6) D:8
  Swamp (0/4) Lair:2       Spider (0/4) Lair:2          Orc (1/2) D:9
  Slime: Lair:5-6

Altars:
Ashenzari
Cheibriados
Dithmenos
Fedhas
Gozag
Kikubaaqudgha
Makhleb
Okawaru
Ru
Sif Muna
Xom
Yredelemnul
The Shining One
Beogh

Shops:
D:4 %   D:6 ?   D:11 }%*

Portals:
Trove: D:10 (give 2 scrolls of acquirement)

Annotations:
D:12 3 runed translucent doors, Kishrid's ghost, journeyman DECj
Lair:4 exclusion: oklob plant


Innate Abilities, Weirdness & Mutations

You do not eat or drink.
Your flesh is vulnerable to fire.
You are immune to poison.
Your flesh is cold resistant. (rC+)
You are immune to negative energy. (rN+++)
You are immune to unholy pain and torment.
You can survive without breathing.
You are in touch with the powers of death.


Message History

The centaur warrior shoots an arrow.
The arrow misses you.
The centaur warrior shoots an arrow.
The arrow hits you. The arrow burns you.
You see here an arrow.
The centaur warrior shoots an arrow.
The arrow hits you but does no damage.
The centaur warrior shoots an arrow.
The arrow hits you! The arrow burns you!
You see here an arrow.
The centaur warrior shoots an arrow.
The arrow closely misses you.
You see here an arrow.
The centaur warrior shoots an arrow.
The arrow hits you! The arrow burns you.
You see here an arrow.
As you read the scroll of teleportation, it crumbles to dust.
You feel strangely unstable.
The centaur warrior shoots an arrow.
The arrow hits you!!
* * * LOW HITPOINT WARNING * * *
The arrow burns you.
* * * LOW HITPOINT WARNING * * *
The centaur warrior shoots an arrow.
The arrow hits you!
* * * LOW HITPOINT WARNING * * *
The arrow burns you.
You die...

.......#.......#....#
..##......##†.....#.#
.####..^.####.....#.#
## #####.##.#..#.#.#
** ** ##..##..#.#.#
,, * #%.#####'#.#
#####....#.#
*#.#**#######...##.#
,#... #..##..##@##.#
,#...##..##..##(##.#
* #.##..##..##.()##.#
*#.##..##..##(..##.#
.##...##..##.(##.##.#
.{c...##..##..##.##.#
*#(##..##.(##...##.#
* #c##..##c(##...##.#
* #...##.(##..##.##.#


You could see a centaur warrior.

Vanquished Creatures
  Gastronok (D:12)
  3 hydras
  Erolcha (D:12)
  Erica (D:9)
  2 two-headed ogres
  Pikel (D:3)
  3 ugly things
  2 deep elf magi
  6 elephants
  Maurice (D:11)
  Joseph (D:7)
  A centaur zombie (D:11)
  2 black mambas (Lair:5)
  A gargoyle (D:12)
  11 spiny frogs
  A kobold demonologist (D:8)
  9 komodo dragons
  2 rime drakes (Lair:4)
  A guardian mummy (D:10)
  7 trolls
  A hornet (D:8)
  Prince Ribbit (D:7)
  9 blink frogs
  9 hippogriffs
  2 redbacks (Lair:2)
  A shadow (D:11)
  2 hungry ghosts
  2 wyverns
  Grum (D:11)
  4 basilisks
  23 yaks
  A human (D:8)
  4 hogs (D:8)
  2 steam dragons
  2 vampire mosquitoes (D:12)
  A warg (D:9)
  9 water moccasins
  7 porcupines
  12 orc warriors
  2 ice beasts
  3 sky beasts
  3 black bears
  2 necrophages
  4 phantoms
  7 ogres
  2 centaurs
  13 wolves
  15 crocodiles
  4 big kobolds
  16 bullfrogs
  A wyvern zombie (D:12)
  4 scorpions
  A water moccasin skeleton (D:3)
  11 killer bees
  12 wights
  4 howler monkeys (D:8)
  8 crimson imps
  7 jellies
  5 quasits
  13 orc priests
  2 bullfrog skeletons
  4 hounds
  2 bullfrog zombies
  A centaur skeleton (D:7)
  6 iguanas
  15 orc wizards
  7 worker ants
  2 hound zombies
  18 adders
  A howler monkey skeleton (D:9)
  2 shadow imps
  An ooze (D:2)
  An adder zombie (D:6)
  An adder skeleton (D:9)
  2 worms
  3 leopard geckos
  51 orcs
  8 giant cockroaches
  8 goblins
  8 hobgoblins
  13 jackals
  6 quokkas
  10 bats
  2 frilled lizards
  23 kobolds
  A leopard gecko skeleton (D:5)
  A leopard gecko zombie (D:8)
  A quokka skeleton (D:6)
  6 rats
  A fungus (Lair:4)
494 creatures vanquished.

Vanquished Creatures (others)
  7 fungi
  5 plants
  12 toadstools (Lair:4)
24 creatures vanquished.

Grand Total: 518 creatures vanquished

Notes
Turn   | Place    | Note
-------+----------+-------------------------------------------
     0 | D:1      | Eurus the Mummy Conjurer began the quest for the Orb.
     0 | D:1      | Reached XP level 1. HP: 13/13 MP: 4/4
   324 | D:1      | Reached XP level 2. HP: 20/20 MP: 0/5
   328 | D:1      | Learned a level 2 spell: Searing Ray
   417 | D:1      | Reached skill level 3 in Spellcasting
  1213 | D:2      | Reached skill level 1 in Fighting
  1289 | D:2      | Reached XP level 3. HP: 25/26 MP: 5/7
  2355 | D:3      | Reached XP level 4. HP: 32/32 MP: 1/9
  2448 | D:3      | Found a shattered altar of Ashenzari.
  2542 | D:3      | Became a worshipper of Ashenzari the Shackled
  3520 | D:3      | Reached skill level 4 in Spellcasting
  3520 | D:3      | Reached XP level 5. HP: 29/38 MP: 2/11
  3596 | D:3      | Learned a level 4 spell: Iskenderun's Mystic Blast
  3696 | D:4      | Found Hontoagi's Food Boutique.
  3992 | D:4      | Reached XP level 6. HP: 44/44 MP: 8/12
  4280 | D:4      | Reached skill level 1 in Armour
  4280 | D:4      | Reached skill level 5 in Conjurations
  4280 | D:4      | Reached skill level 1 in Translocations
  4562 | D:4      | Noticed a slave
  4575 | D:4      | Noticed Pikel
  4608 | D:4      | Noticed a slave
  4609 | D:4      | Noticed a slave
  4616 | D:3      | Killed Pikel
  4616 | D:3      | Reached skill level 5 in Spellcasting
  4616 | D:3      | Reached XP level 7. HP: 16/50 MP: 1/15
  5286 | D:5      | Entered Level 5 of the Dungeon
  5820 | D:5      | Reached * piety under Ashenzari
  5893 | D:5      | Found a shimmering blue altar of Sif Muna.
  5963 | D:5      | Reached XP level 8. HP: 56/56 MP: 13/16
  6264 | D:6      | Found Apum's Magic Scroll Boutique.
  6508 | D:6      | Reached skill level 6 in Spellcasting
  6563 | D:6      | Found a glowing golden altar of the Shining One.
  7675 | D:7      | Reached skill level 7 in Spellcasting
  7675 | D:7      | Reached XP level 9. HP: 43/61 MP: 7/19
  7971 | D:7      | Found a snail-covered altar of Cheibriados.
  7971 | D:7      | Found a burning altar of Makhleb.
  8107 | D:7      | Noticed Prince Ribbit
  8119 | D:7      | Killed Prince Ribbit
  8378 | D:7      | Found a staircase to the Ecumenical Temple.
  8390 | Temple   | Entered the Ecumenical Temple
  8614 | D:7      | Noticed Joseph
  8662 | D:7      | Killed Joseph
  8662 | D:7      | Reached skill level 8 in Spellcasting
  9296 | D:7      | Found an ancient bone altar of Kikubaaqudgha.
  9541 | D:8      | Found an opulent altar of Gozag.
  9571 | D:8      | Learned a level 3 spell: Mephitic Cloud
  9785 | D:8      | Reached XP level 10. HP: 67/71 MP: 14/22
  9955 | D:8      | Reached skill level 5 in Translocations
  9955 | D:8      | Reached skill level 1 in Air Magic
 10138 | D:8      | Found a staircase to the Lair.
 10793 | D:8      | Noticed a two-headed ogre
 10804 | D:8      | Reached skill level 9 in Spellcasting
 10809 | D:8      | Killed a two-headed ogre
 10809 | D:8      | Reached skill level 5 in Fighting
 11210 | D:8      | Noticed a sun demon
 11211 | D:8      | Noticed a rust devil
 11503 | D:8      | Found an iron altar of Okawaru.
 11721 | D:8      | Found the +7 pair of quick blades "Gyre" and "Gimble"
                  | {protect}
 12000 | Lair:1   | Entered Level 1 of the Lair of Beasts
 12132 | Lair:1   | Reached XP level 11. HP: 39/81 MP: 19/24
 12535 | Lair:1   | Reached ** piety under Ashenzari
 12538 | Lair:1   | Reached skill level 10 in Spellcasting
 14248 | Lair:2   | HP: 2/83 [komodo dragon (19)]
 14724 | Lair:2   | Found a hole to the Spider Nest.
 14971 | Lair:2   | Found a staircase to the Swamp.
 14972 | Lair:2   | Noticed a four-headed hydra
 14991 | Lair:2   | Killed a four-headed hydra
 14991 | Lair:2   | Reached skill level 11 in Spellcasting
 14991 | Lair:2   | Reached skill level 5 in Air Magic
 14991 | Lair:2   | Reached skill level 10 in Conjurations
 16327 | Lair:3   | Reached XP level 12. HP: 89/89 MP: 23/27
 17434 | Lair:3   | Reached *** piety under Ashenzari
 18940 | Lair:4   | Reached skill level 12 in Spellcasting
 19545 | Lair:4   | Noticed an eight-headed hydra
 19574 | Lair:4   | Killed an eight-headed hydra
 19706 | Lair:4   | Found a blossoming altar of Fedhas.
 20641 | Lair:5   | Reached skill level 5 in Dodging
 22455 | Lair:5   | Learned a level 5 spell: Lightning Bolt
 22771 | Lair:6   | Entered Level 6 of the Lair of Beasts
 22771 | Lair:6   | Noticed a seven-headed hydra
 22806 | Lair:6   | Noticed a death yak
 22806 | Lair:6   | Noticed a death yak
 22806 | Lair:6   | Noticed a death yak
 22855 | Lair:5   | Gained mutation: You are in touch with the powers of death.
                  | [Mummy growth]
 22855 | Lair:5   | Reached XP level 13. HP: 67/95 MP: 21/29
 23424 | D:9      | Found a roughly hewn altar of Beogh.
 23424 | D:9      | Found a staircase to the Orcish Mines.
 24011 | D:9      | Reached skill level 5 in Armour
 24528 | D:9      | Found a basalt altar of Yredelemnul.
 24627 | D:9      | Noticed Erica
 24647 | D:9      | Killed Erica
 24755 | D:9      | Found a sacrificial altar of Ru.
 25552 | Orc:1    | Entered Level 1 of the Orcish Mines
 25577 | D:9      | Reached skill level 13 in Spellcasting
 25643 | D:10     | Entered Level 10 of the Dungeon
 26315 | D:10     | Learned a level 2 spell: Poisonous Vapours
 26329 | D:10     | Found a portal to a secret trove of treasure.
 26520 | D:10     | Reached **** piety under Ashenzari
 26969 | D:11     | Found Sebof's Food Shop.
 26992 | D:11     | Found Xileip's Gadget Shoppe.
 27003 | D:11     | Found a flickering gateway to a bazaar.
 27008 | Bazaar   | Entered a bazaar
 27022 | Bazaar   | Found Inesiun's Antique Weapon Emporium.
 27022 | Bazaar   | Found Zet Ytib's Assorted Antiques.
 27035 | Bazaar   | Found Zoyhuur's Assorted Antiques.
 27048 | Bazaar   | Found Sagasitt's Distillery.
 27214 | Bazaar   | Bought a scroll of remove curse for 66 gold pieces
 27214 | Bazaar   | Bought a scroll of remove curse for 66 gold pieces
 27852 | D:11     | Found a shimmering altar of Xom.
 28031 | D:11     | Noticed Grum
 28053 | D:11     | Killed Grum
 28137 | D:11     | Noticed Maurice
 28158 | D:11     | Killed Maurice
 28281 | D:11     | Found Ulutown's General Store.
 28829 | D:12     | Noticed Erolcha
 28890 | D:12     | Killed Erolcha
 29168 | D:12     | Noticed Gastronok
 29536 | D:12     | Killed Gastronok
 30387 | D:12     | Found a runed translucent gate.
 30388 | D:12     | Found a runed translucent gate.
 30388 | D:12     | Found an opulent altar of Gozag.
 30388 | D:12     | Found a runed translucent gate.
 30390 | D:12     | Noticed Kishrid's ghost (journeyman DECj)
 30885 | D:12     | HP: 3/98 [centaur warrior/arrow (11)]
 30885 | D:12     | Shot with an arrow by a centaur warrior

Levels and vault maps discovered:
D:1:      dpeg_arrival_leaves_temple_mockup, layout_basic
D:2:      layout_basic
D:3:      layout_basic, evilmike_ruin_ashenzari
D:4:      layout_basic, first_ration, serial_shops, nicolae_shop_statue_plus,
          uniq_pikel
D:5:      layout_loops_cross, led_sif_pool
D:6:      minmay_polygon_palace, layout_rooms, nicolae_tso_carved_into_rock,
          serial_shops, shop
D:7:      layout_basic, overflow_temple_1_default,
          gammafunk_temple_overflow_elements, temple_green, uniq_prince_ribbit1,
          uniq_joseph
D:8:      minmay_the_grid_triangle_9x9_recursive_2
          [minmay_the_grid_triangle_9x9_prize_insulated,
          minmay_the_grid_triangle_9x9_pentomino_pain,
          minmay_the_grid_triangle_9x9_swiss_cheese,
          minmay_the_grid_triangle_9x9_negative_grid], layout_rooms,
          lemuel_crystal_altar, kennysheep_mini, david_lair_shrubbed,
          grunt_livestock
D:9:      minmay_opposing_rooms, layout_long_grid, lemuel_crystal_altar,
          lemuel_crystal_altar, david_orc_5, nicolae_straight_to_the_point,
          uniq_erica
D:10:     layout_roguey, nicolae_trove_entry_path_of_doom
D:11:     layout_small_grid, serial_shops, bzr_in_the_mist, shop_fountains,
          shop, shop, basic_altar, uniq_maurice, uniq_grum
D:12:     wad_guarded_room, layout_basic, ebering_ghost_gozag, uniq_gastronok,
          uniq_erolcha
Temple:   dshaligram_water_room_temple
Lair:1:   layout_chaotic_city
Lair:2:   layout_regular_city, minmay_swamp_entry_reptiles,
          spider_nest_entry_webs
Lair:3:   layout_cave_pods
Lair:4:   layout_gridlike, tgw_fedhas
Lair:5:   layout_roguey, cheibrodos_lair_reptile_den, grunt_megastairs_3,
          infiniplex_staircase_pool
Lair:6:   minmay_lair_end_enchanted_forest, layout_gridlike, slime_dummy,
          serial_bayou_shore_b
Orc:1:    layout_caves

Skill      XL: |  1  2  3  4  5  6  7  8  9 10 11 12 13 |
---------------+----------------------------------------+-----
Spellcasting   | 3 4 5 7 8 9 11 12 13 | 13.9
Fighting       | 1 2 3 5 6 8 |  8.2
Conjurations   | 4 5 6 7 8 9 10 11 | 11.8
Armour         | 2 3 4 5 |  5.5
Translocations | 2 3 4 5 |  5.0
Air Magic      | 3 5 7 8 |  8.0
Dodging        | 3 5 |  5.0
Stealth        | |  1.5

Action                   |  1- 3 |  4- 6 |  7- 9 | 10-12 | 13-15 || total
-------------------------+-------+-------+-------+-------+-------++-------
Melee: Club              |    59 |    37 |       |       |       ||    96
       Spear             |       |     6 |       |       |       ||     6
       Dagger            |       |     2 |    19 |     1 |       ||    22
       Pair of quick bla |       |       |       |    20 |    68 ||    88
 Cast: Magic Dart        |    62 |    38 |    47 |    75 |    59 ||   281
       Searing Ray       |     4 |    17 |    78 |   199 |   140 ||   438
       Iskenderun's Myst |       |       |       |     6 |     3 ||     9
       Mephitic Cloud    |       |       |       |     1 |     1 ||     2
Invok: Curse Item        |       |     2 |       |       |       ||     2
Evoke: Wand              |       |       |       |       |     1 ||     1
  Use: Scroll            |       |       |     6 |     3 |     2 ||    11
 Stab: Sleeping          |     1 |     1 |       |     1 |     2 ||     5
Armor: Robe              |    31 |    27 |     7 |       |       ||    65
       Leather armour    |       |       |    25 |    97 |    18 ||   140
       Steam dragon scal |       |       |       |       |    78 ||    78
Dodge: Dodged            |    54 |    51 |    58 |   189 |   170 ||   522

Table legend:
 A = Non-vault XP
 B = Vault XP
 C = Vault XP percentage of total XP
 D = Non-vault monster count
 E = Vault monster count
 F = Vault count percentage of total count
                 A         B        C        D         E       F
            +---------+---------+-------+---------+---------+-------
      Total |   44833 |   15593 |  25.8 |     403 |      90 |  18.3
            +---------+---------+-------+---------+---------+-------
        D:1 |      21 |       0 |   0.0 |      14 |       0 |   0.0
        D:2 |      69 |       0 |   0.0 |      22 |       0 |   0.0
        D:3 |     159 |     571 |  78.2 |      24 |       1 |   4.0
        D:4 |     409 |       0 |   0.0 |      22 |       0 |   0.0
        D:5 |     304 |       0 |   0.0 |      14 |       0 |   0.0
        D:6 |     606 |     434 |  41.7 |      18 |       7 |  28.0
        D:7 |    1841 |     752 |  29.0 |      29 |       2 |   6.5
        D:8 |    2135 |    2835 |  57.0 |      22 |      22 |  50.0
        D:9 |    2197 |    2289 |  51.0 |      29 |      31 |  51.7
       D:10 |    3409 |     337 |   9.0 |      23 |       1 |   4.2
       D:11 |    4049 |    1027 |  20.2 |      33 |       5 |  13.2
       D:12 |    4700 |    4022 |  46.1 |      46 |      10 |  17.9
     Lair:1 |    4168 |       0 |   0.0 |      20 |       0 |   0.0
     Lair:2 |    5790 |    1747 |  23.2 |      25 |       6 |  19.4
     Lair:3 |    3687 |       0 |   0.0 |      22 |       0 |   0.0
     Lair:4 |    5770 |     254 |   4.2 |      20 |       1 |   4.8
     Lair:5 |    5516 |    1325 |  19.4 |      19 |       4 |  17.4
      Orc:1 |       3 |       0 |   0.0 |       1 |       0 |   0.0
            +---------+---------+-------+---------+---------+-------
